 Dungeon Crawl Stone Soup version 0.25.1-2-g60ff931df9 (webtiles) character file.

Game seed: 17812178123267390507

109 Bakabiel the Grave Robber (level 4, -4/24 HPs)
             Began as a Deep Elf Necromancer on Sept 1, 2020.
             Killed from afar by a white imp (13 damage)
             ... with a puff of frost
             ... summoned by Natasha
             ... on level 3 of the Dungeon.
             The game lasted 00:14:35 (2821 turns).

Bakabiel the Grave Robber (Deep Elf Necromancer)    Turns: 2821, Time: 00:14:35

Health: -4/24      AC:  5    Str:  5    XL:     4   Next: 60%
Magic:  4/12       EV: 13    Int: 21    God:
Gold:   175        SH:  0    Dex: 15    Spells: 10/11 levels left

rFire    . . .     SeeInvis .   n - +1 dagger (venom)
rCold    . . .     Gourm    .   (no shield)
rNeg     . . .     Faith    .   a - +0 robe
rPois    .         Spirit   .   (no helmet)
rElec    .         Reflect  .   (no cloak)
rCorr    .         Harm     .   (no gloves)
MR       .....                  p - +2 pair of boots
Stlth    ++........             (no amulet)
HPRegen  0.08/turn              (no ring)
MPRegen  0.13/turn              (no ring)

@: slowed, very slow
A: no striking features
a: no special abilities


You were on level 3 of the Dungeon.
You were not hungry.

You visited 1 branch of the dungeon, and saw 3 of its levels.

You collected 175 gold pieces.

Inventory:

Hand Weapons
 n - a +1 dagger of venom (weapon)
Armour
 a - a +0 robe (worn)
 m - a +0 chain mail
 p - a +2 pair of boots (worn)
Jewellery
 j - a cursed amulet of inaccuracy {unknown}
 l - a +6 ring of dexterity {unknown}
 s - a +6 ring of dexterity {unknown}
Scrolls
 e - 2 scrolls of teleportation
 h - 2 scrolls of magic mapping {unknown}
 i - a scroll of noise {unknown}
 k - a scroll of remove curse {unknown}
 o - 2 scrolls of identify {unknown}
Potions
 f - 2 potions of curing {unknown}
 g - a potion of might {unknown}
 r - 2 potions of mutation {unknown}
Comestibles
 c - 5 rations
 q - a chunk of flesh


   Skills:
 + Level 2.4 Dodging
 + Level 2.8 Stealth
 + Level 4.1 Spellcasting
 + Level 6.7 Necromancy


You had 10 spell levels left.
You knew the following spells:

 Your Spells              Type           Power        Failure   Level  Hunger
a - Pain                  Necr           ####         1%          1    None

Your spell library contained the following spells:

 Spells                   Type           Power        Failure   Level  Hunger
 Animate Skeleton         Necr           N/A          1%          1    None
 Vampiric Draining        Necr           ####......   2%          3    ###....
 Animate Dead             Necr           N/A          8%          4    ####...
 Agony                    Necr           ####....     22%         5    ######.


Dungeon Overview and Level Annotations

Branches:
Dungeon (3/15)

Altars:
Cheibriados

Annotations:
D:3 Natasha, Sigmund


Message History

You feel yourself slow down.
There is an open door here.
The white imp gestures at you. The puff of frost hits you.
Natasha wildly gestures.
Natasha glows brightly for a moment.
Casting: Pain (safe; 1% risk of failure)
Confirm with . or Enter, or press ? or * to list all spells.
You can't see any susceptible monsters within range! (Use Z to cast anyway.) Unknown command.
Casting: Pain (safe; 1% risk of failure)
Confirm with . or Enter, or press ? or * to list all spells.
You can't see any susceptible monsters within range! (Use Z to cast anyway.) Sigmund mumbles some strange words.
Sigmund flickers and vanishes!
Deactivating autopickup; reactivate with Ctrl-A.
Natasha casts a spell.
The white imp gestures at you. The puff of frost hits you!
Ouch! That really hurt!
You die...

. ..#.# #.#.#.##
.# #.#)...# .#
.†....# .#
.###.##.##.# .#
..>....†<..# .#
.#.##.##...+ .# ..
#.).#####.# ...
+...'h.5@.# ...
#..5########### ##
#.............#
#.###########.####
.... ...........#
##.###
#######.##.# #.
#.......#..#
##+####
#.#######.##
#.....###.# ####.#


You could see Natasha, a crimson imp (summoned) and a white imp (summoned).

Vanquished Creatures
  An orc wizard (D:3)
  Natasha (D:3)
  A worm (D:2)
  2 dart slugs
  2 leopard geckos (D:1)
  An orc (D:3)
  3 giant cockroaches
  5 goblins
  7 hobgoblins
  3 jackals (D:3)
  5 bats
  2 frilled lizards
  4 kobolds
  8 rats
45 creatures vanquished.

Notes
Turn   | Place    | Note
-------+----------+-------------------------------------------
     0 | D:1      | Bakabiel the Deep Elf Necromancer began the quest for the
                  | Orb.
     0 | D:1      | Reached XP level 1. HP: 10/10 MP: 6/6
   206 | D:1      | Reached skill level 5 in Necromancy
   326 | D:1      | Reached XP level 2. HP: 11/15 MP: 5/8
  1899 | D:2      | Reached XP level 3. HP: 19/19 MP: 7/9
  1992 | D:2      | Found a snail-covered altar of Cheibriados.
  1997 | D:2      | Reached skill level 6 in Necromancy
  2597 | D:2      | You fall into a shaft and drop 1 floor!
  2601 | D:3      | Noticed Natasha
  2628 | D:3      | Killed Natasha
  2628 | D:3      | Reached XP level 4. HP: 21/24 MP: 7/11
  2810 | D:3      | Noticed Natasha
  2813 | D:3      | Noticed Sigmund
  2821 | D:3      | Killed from afar by a white imp

Illustrated notes

Levels and vault maps discovered:
D:1:      dpeg_arrival_round_b, layout_basic
D:2:      layout_loops_corners, first_ration, kennysheep_slug_shrine
D:3:      layout_basic, uniq_jessica, uniq_grinder, uniq_natasha, uniq_sigmund

Skill      XL: |  1  2  3  4 |
---------------+-------------+-----
Necromancy     | 5 6 |  6.7
Spellcasting   | 4 |  4.1
Dodging        | |  2.4
Stealth        | |  2.8

Action                   |  1- 3 |  4- 6 || total
-------------------------+-------+-------++-------
Melee: Unarmed           |     3 |       ||     3
 Cast: Pain              |    54 |    13 ||    67
  Use: Scroll            |     1 |       ||     1
  Eat: Chunk             |     4 |       ||     4
       Ration            |     1 |       ||     1
Armor: Robe              |     1 |     1 ||     2
Dodge: Dodged            |     7 |     3 ||    10
